 Dungeon Crawl Stone Soup version 0.28.0-43-g3370ac3207 (webtiles) character file.

Game seed: 11219252033545212635

54 diana the Ruffian (level 3, -2/28 HPs)
             Began as a Demonspawn Gladiator on Mar 20, 2022.
             Killed from afar by Natasha (3 damage)
             ... with a magic dart
             ... on level 3 of the Dungeon.
             The game lasted 00:02:06 (2402 turns).

diana the Ruffian (Demonspawn Gladiator)            Turns: 2402, Time: 00:02:07

Health: -2/28      AC:  7    Str: 16    XL:     3   Next: 66%
Magic:  3/3        EV: 12    Int:  9    God:
Gold:   101        SH:  8    Dex: 14    Spells: 2/2 levels left

rFire   . . .      SeeInvis .     - Unarmed
rCold   . . .      Faith    .   m - +1 buckler {AC+3}
rNeg    . . .      Spirit   .   a - +0 leather armour
rPois   .          Reflect  .   b - +0 helmet
rElec   .          Harm     .   (no cloak)
rCorr   +          Rampage  .   (no gloves)
Will    .....                   (no boots)
Stlth   +.........              (no amulet)
HPRegen 0.09/turn               i - ring of resist corrosion
MPRegen 0.08/turn               (no ring)

@: brilliant, slowed, very slow
A: large bone plates 1, spiny 1
a: no special abilities


You were on level 3 of the Dungeon.
You visited 1 branch of the dungeon, and saw 3 of its levels.

You collected 101 gold pieces.

Inventory:

Missiles
 c - 3 throwing nets (quivered)
Armour
 a - a +0 leather armour (worn)
 b - a +0 helmet (worn)
 m - a +1 buckler of protection (worn)
Jewellery
 h - a ring of protection from fire
 i - a ring of resist corrosion (left hand)
 o - a +6 ring of dexterity
Scrolls
 d - 3 scrolls of teleportation {unknown}
 f - a scroll of amnesia {unknown}
 g - a scroll of identify {unknown}
 j - a scroll of silence {unknown}
 k - a scroll of acquirement {unknown}
Potions
 e - a potion of degeneration {unknown}
 l - a potion of brilliance
 n - a potion of curing
 p - a potion of cancellation {unknown}
 q - a potion of might {unknown}


   Skills:
 + Level 2.5 Fighting
 - Level 1.7 Throwing
 + Level 1.1 Armour
 - Level 2.7 Dodging
 + Level 0.4 Shields
 * Level 3.5 Unarmed Combat


You had 2 spell levels left.
You didn't know any spells.
Your spell library was empty.

Dungeon Overview and Level Annotations

Branches:
Dungeon (3/15)

Altars:

Annotations:
D:3 Natasha


Innate Abilities, Weirdness & Mutations

You are partially covered in large bone plates. (SH +4)
You are partially covered in sharp spines.


Message History

You completely miss Natasha.
Natasha is severely wounded.
Natasha casts a spell.
You block Natasha's attack.
It was a potion of brilliance.
You feel clever all of a sudden. You block the white imp's attack.
Natasha is struck by your spines. Natasha claws you.
* * * LOW HITPOINT WARNING * * *
It was a potion of curing.
You feel better. You block Natasha's attack.
The white imp is struck by your spines. The white imp closely misses you.
The crimson imp hits you but does no damage.
The white imp barely misses you. Natasha claws you but does no damage.
You closely miss Natasha.
Natasha is almost dead.
The crimson imp completely misses you. You block the white imp's attack.
Natasha casts a spell.
The crimson imp is struck by your spines.
The crimson imp hits you but does no damage.
You barely miss Natasha.
Natasha is almost dead.
Natasha wildly gestures.
You feel troubled.
Natasha stares at you and mumbles some strange words.
The magic dart hits you. You block the white imp's attack.
The crimson imp is struck by your spines.
The crimson imp hits you but does no damage.
Natasha stares at you and mumbles some strange words.
The magic dart hits you.
* * * LOW HITPOINT WARNING * * *
The white imp is struck by your spines. The white imp misses you.
You barely miss Natasha.
Natasha is almost dead.
You block the crimson imp's attack. The crimson imp hits you.
* * * LOW HITPOINT WARNING * * *
The white imp gestures at you.
The puff of frost hits you but does no damage.
Natasha stares at you and mumbles some strange words.
The magic dart hits you.
You die...

#......#.####.###...######..)....
#.......................##.......
#......######.###.#####..#.#...##
#......# ##.###.# ##....[.##
#......#####..##..# ##....##
########..........# #........
#..........# ....#####
#.........5# #...## #.......5@.#
#.### #.......5h.# ..
#..........# ## #..........#
#..........# .........#
.........# ##########


You could see Natasha, 2 crimson imps and a white imp (summoned).

Vanquished Creatures
  An adder (D:2)
  A worm (D:2)
  An orc (D:3)
  5 bats (D:2)
  3 endoplasms
  A giant cockroach (D:1)
  A goblin (D:2)
  4 hobgoblins
  2 quokkas
  10 ball pythons
  2 frilled lizards (D:2)
  5 kobolds
  5 rats
41 creatures vanquished.

Notes
Turn   | Place    | Note
-------+----------+-------------------------------------------
     0 | D:1      | diana the Demonspawn Gladiator began the quest for the Orb.
     0 | D:1      | Reached XP level 1. HP: 16/16 MP: 1/1
   149 | D:1      | Found a faded altar of an unknown god.
   149 | D:1      | Noticed a golden eye
   153 | D:1      | Noticed an eye of devastation
   512 | D:1      | Noticed a floating eye
   606 | D:1      | Reached skill level 3 in Unarmed Combat
   606 | D:1      | Gained mutation: You are partially covered in sharp spines.
                  | [demonic ancestry]
   606 | D:1      | Reached XP level 2. HP: 16/22 MP: 2/2
  1011 | D:1      | Noticed an eye of devastation
  1637 | D:2      | Gained mutation: You are partially covered in large bone
                  | plates. (SH +4) [demonic ancestry]
  1637 | D:2      | Reached XP level 3. HP: 27/28 MP: 3/3
  1732 | D:2      | Reached skill level 1 in Armour
  2379 | D:3      | Noticed Natasha
  2402 | D:3      | HP: 1/28 [crimson imp[Natasha] (3)]
  2402 | D:3      | Killed from afar by Natasha

Illustrated notes

Levels and vault maps discovered:
D:1:      dpeg_arrival_circle_labyrinth_a, layout_basic,
          hellmonk_ecumenical_altar_watching_god, minmay_misc_feat_x
D:2:      layout_basic, minmay_tromino_i2
D:3:      layout_rooms, uniq_sigmund, uniq_natasha

Skill      XL: |  1  2  3 |
---------------+----------+-----
Unarmed Combat | 3 |  3.5
Armour         | 1 |  1.1
Fighting       | |  2.5
Throwing       | |  1.7
Dodging        | |  2.7
Shields        | |  0.4

Action                   || total
-------------------------++-------
Melee: Unarmed           ||   118
  Use: Potion            ||     2
 Stab: Sleeping          ||     1
Armor: Leather armour    ||    31
Dodge: Dodged            ||    46
Block: Buckler           ||    32
